 Dungeon Crawl Stone Soup version 0.30-a0-347-gf58ed5266c (webtiles) character file.

Game seed: 8844679289520186448

76 Zonian the Magician (level 4, -2/31 HPs)
             Began as a Djinni Ice Elementalist on Nov 6, 2022.
             Slain by Robin
             ... wielding a +0 spear
              (3 damage)
             ... on level 2 of the Dungeon.
             The game lasted 00:03:37 (2145 turns).

Zonian the Magician (Djinni Ice Elementalist)       Turns: 2145, Time: 00:03:38

Health: -2/31      AC:  3    Str:  7    XL:     4   Next: 57%
Gold:   72         EV: 13    Int: 19    God:
                   SH:  0    Dex: 13

rFire   + + .      SeeInvis .    l - +1 dagger (venom)
rCold   x . .      Faith    .    (no shield)
rNeg    . . .      Spirit   .    a - +0 robe
rPois   ∞          Reflect  .    n - +0 helmet
rElec   .          Harm     .    (no cloak)
rCorr   .          Rampage  .    (no gloves)
Will    .....                    (boots unavailable)
Stlth   ++........               (no amulet)
HPRegen 0.25/turn                (no ring)
MPRegen 0.00/turn                (no ring)

@: flying
A: sickness immunity, fire resistance 2, cold vulnerability 1, float, innate
caster, HP casting, extra vitality 1
a: no special abilities


You were on level 2 of the Dungeon.
You visited 1 branch of the dungeon, and saw 2 of its levels.

You collected 72 gold pieces.

Inventory:

Hand Weapons
 c - a +0 short sword
 g - a +4 short sword
 l - a +1 dagger of venom (weapon)
Armour
 a - a +0 robe (worn)
 n - a +0 helmet (worn)
Scrolls
 b - a scroll of butterflies {unknown}
 d - 4 scrolls of identify {unknown}
 f - a scroll of vulnerability {unknown}
 m - a scroll of teleportation {unknown}
Potions
 e - 2 potions of curing {unknown}
 h - a potion of attraction {unknown}
 i - a potion of brilliance {unknown}
 j - a potion of lignification {unknown}
 k - 2 potions of flight {unknown}


   Skills:
 + Level 3.3 Dodging
 + Level 2.5 Stealth
 + Level 3.7 Spellcasting


You couldn't memorise any spells.
You knew the following spells:

 Your Spells              Type           Power      Damage    Failure   Level
a - Freeze                Ice            68%        1d8       3%          1
b - Frozen Ramparts       Ice            34%        1d6       10%         3
c - Ozocubu's Armour      Ice            17%        N/A       10%         3
d - Summon Ice Beast      Ice/Summ       17%        N/A       30%         4
e - Necrotise             Necr           68%        1d7       3%          1
Your spell library was empty.

Dungeon Overview and Level Annotations

Branches:
Dungeon (2/15)

Altars:

Annotations:
D:2 Robin


Innate Abilities, Weirdness & Mutations

You are immune to sickness and miasma.
You are immune to poison.
Your flesh is very heat resistant. (rF++)
You are vulnerable to cold. (rC-)
You float through the air rather than walking.
You learn spells naturally, not from books.
Your magical power is your life essence.
You have superior vitality. (+4 MHP)


Message History

Robin closely misses you.
You see here an adder corpse.
Casting: Necrotise (safe; 3% risk of failure)
Confirm with . or Enter, or press ? or * to list all spells.
Aiming: Freeze (safe; 3% risk of failure)
Press: ? - help, Shift-Dir - straight line, f - Robin
Aim: Robin, wielding a +0 spear, wearing a +0 animal skin and wearing a +0 helmet You freeze Robin.
Robin is moderately wounded.
* * * LOW HITPOINT WARNING * * *
Robin misses you.
Casting: Freeze (safe; 3% risk of failure)
Confirm with . or Enter, or press ? or * to list all spells.
Aiming: Freeze (safe; 3% risk of failure)
Press: ? - help, Shift-Dir - straight line, f/p - Robin
Aim: Robin, wielding a +0 spear, wearing a +0 animal skin and wearing a +0 helmet (moderately wounded)
You freeze Robin.
Robin is heavily wounded.
* * * LOW HITPOINT WARNING * * *
Robin hits you with a +0 spear.
* * * LOW HITPOINT WARNING * * *
Casting: Freeze (safe; 3% risk of failure)
Confirm with . or Enter, or press ? or * to list all spells.
Aiming: Freeze (safe; 3% risk of failure)
Press: ? - help, Shift-Dir - straight line, f/p - Robin
Aim: Robin, wielding a +0 spear, wearing a +0 animal skin and wearing a +0 helmet (heavily wounded)
You freeze Robin.
Robin is severely wounded.
* * * LOW HITPOINT WARNING * * *
Robin hits you but does no damage.
Casting: Freeze (safe; 3% risk of failure)
Confirm with . or Enter, or press ? or * to list all spells.
Aiming: Freeze (safe; 3% risk of failure)
Press: ? - help, Shift-Dir - straight line, f/p - Robin
Aim: Robin, wielding a +0 spear, wearing a +0 animal skin and wearing a +0 helmet (severely wounded)
You freeze Robin.
Robin is almost dead.
* * * LOW HITPOINT WARNING * * *
Robin hits you with a +0 spear.
You die...

####.# ..# ##.## #.#
###...### #.# #...#....
####.#####.#.#...###
#..)...g...#.##.## # #)#
#.##.# ... #.# #.##†####
#....####g#######.##....#
#####
........@.........####...
.....
..............###.###.###
##.## ...>.####.###.#
#.##.## (# #...#####.#
#.# #[#.## .# #.. .....#
#.# #...# .# ## ##
#.#####.###.#.## ##.###.#
#.###.............#
.......#
#.#...........###.#
##.##### #^.#####.#####
#..


You could see Robin.

Vanquished Creatures
  2 adders (D:2)
  A dart slug (D:1)
  6 ball pythons
  3 endoplasms
  2 giant cockroaches (D:1)
  10 hobgoblins
  5 jackals (D:1)
  A bat (D:2)
  3 frilled lizards (D:1)
  5 goblins
  7 kobolds
  5 rats
50 creatures vanquished.

Notes
Turn   | Place    | Note
-------+----------+-------------------------------------------
     0 | D:1      | Zonian the Djinni Ice Elementalist began the quest for the
                  | Orb.
     0 | D:1      | Zonian set off with the following spells memorised: Freeze,
                  | Frozen Ramparts, Ozocubu's Armour, Summon Ice Beast.
     0 | D:1      | Reached XP level 1. HP: 15/15 MP: 0/0
   328 | D:1      | Reached XP level 2. HP: 3/21 MP: 0/0
   877 | D:1      | Reached XP level 3. HP: 25/25 MP: 0/0
   877 | D:1      | Learned a level 1 spell: Necrotise
  1977 | D:2      | Found a faded altar of an unknown god.
  1984 | D:2      | Reached XP level 4. HP: 29/31 MP: 0/0
  2110 | D:2      | Noticed Robin
  2145 | D:2      | Slain by Robin

Illustrated notes

Levels and vault maps discovered:
D:1:      ebering_trefoil_twist, layout_basic
D:2:      layout_loops_ring, basic_altar, hellmonk_ecumenical_altar_run_dry,
          serial_shops, shop, uniq_robin

Skill      XL: |  1  2  3 |
---------------+----------+-----
Stealth        | 2 |  2.5
Dodging        | 3 |  3.3
Spellcasting   | |  3.7

Action                   |  1- 3 |  4- 6 || total
-------------------------+-------+-------++-------
Melee: Unarmed           |     5 |       ||     5
       Punch             |     1 |       ||     1
       Short sword       |    10 |       ||    10
       Dagger            |       |    23 ||    23
 Cast: Freeze            |    49 |     7 ||    56
       Necrotise         |       |     1 ||     1
 Stab: Sleeping          |       |     1 ||     1
Armor: Robe              |     6 |     5 ||    11
Dodge: Dodged            |    32 |    32 ||    64

Table legend: (Time is in decaauts)
 A = Elapsed time spent in this place.
 B = Non-inter-level travel time spent in this place.
 C = Inter-level travel time spent in this place.
 D = Time resting spent in this place.
 E = Time spent auto-exploring this place.
 F = Levels seen in this place.
 G = Mean time per level.
                   A        B        C        D        E       F      G
               +--------+--------+--------+--------+--------+-----+--------+
         Total |   2143 |   2103 |     40 |    801 |    871 |   2 | 1071.5 |
       Dungeon |   2143 |   2103 |     40 |    801 |    871 |   2 | 1071.5 |
               +--------+--------+--------+--------+--------+-----+--------+

Top non-repeatable levels by time:
     D:1: 1664 daAuts
     D:2: 479 daAuts
